cohdb
Replays
Latest Replays
All Replays
Popular Replays
Top Player Replays
Match Explorer
How It Works
Community
CoH3 Stats
Reddit
Sign in to upload your games and track your stats! →
Sign in with Steam
Match 25035785
Unlisted
Match 25035785
Overview
Messages
Build Orders
End
Panzergrenadier Squad
Kradschützen Motorcycle Team
Panzergrenadier Squad
Panzergrenadier Squad
Construct Light Support Kompanie
Fire Support Elements
Flakvierling Half-track
2.5-tonne Medical Truck
le.IG 18 Mechanized Group
Pak 38 Anti-tank Gun Team
Construct Panzerarmee Kommand
Vehicle Survival Package
Panzer III L Medium Tank
Selects Armored Support Battlegroup
Selects Veteran Gunners
Selects Flammpanzer III Medium Tank Sd.Kfz. 141
Pak 38 Mechanized Group
Panzer III L Medium Tank
Eber
bisivan1
MR.DOGO-YT
asado de perro
[NL]coldbullet
TheWishbone
Stumperd
jurre001
0
0
Comments
sign in to comment!
No comments posted yet!